 Dungeon Crawl Stone Soup version 0.14-a0-2723-gdc5d926 (webtiles) character file.

40238 4tharraofdagon the Cleaver (level 13, 0/120 HPs)
             Began as a Troll Fire Elementalist on Feb 19, 2014.
             Was a High Priest of Zin.
             Slain by a manticore (8 damage)
             ... on Level 5 of the Lair of Beasts.
             The game lasted 01:35:01 (12304 turns).

4tharraofdagon the Cleaver (TrFE)                  Turns: 12304, Time: 01:35:01

HP   0/120       AC  9     Str 26      XL: 13   Next: 67%
MP  16/16        EV 12     Int 12      God: Zin [*****.]
Gold 1135        SH  0     Dex 11      Spells:  8 memorised,  2 levels left

rFire  + + .     SeeInvis .     a - +3 executioner's axe (elec)
rCold  x x .     Clarity  +     Q - +0 robe
rNeg   . . .     Conserve .     (shield restricted)
rPois  +         rCorr    .     T - +2 hat
rElec  .         rRot     .     g - +1 cloak
SustAb . .       Spirit   .     (gloves unavailable)
rMut   .         Warding  .     (boots unavailable)
Gourm  +         Stasis   .     k - amulet of the Devil {Clar +Blink Str+2}
MR     .....                    V - ring of fire
                                i - ring of fire

@: vitalised, not resistant to hostile enchantments, unstealthy
A: unfitting armour, claws 3, fast metabolism 3, gourmand, regeneration 2,
saprovore 2, shaggy fur 1, tough skin 2
a: Recite, Vitalisation, Imprison, Sanctuary, Renounce Religion, Evoke Blink


You were on level 5 of the Lair of Beasts.
You worshipped Zin.
Zin was extremely pleased with you.
You were very full.

You visited 3 branches of the dungeon, and saw 22 of its levels.

You collected 1261 gold pieces.
You donated 126 gold pieces.

Inventory:

Hand weapons
 a - a +3,+3 executioner's axe of electrocution (weapon)
 e - a +2,+1 glaive of venom
 h - a +0,+0 giant club
 y - a +2 elven blowgun
 A - a +0,+1 giant club
 C - a +0,+0 giant spiked club
Missiles
 j - 9 darts (quivered)
 m - 13 exploding darts
Armour
 g - a +1 cloak (worn)
 Q - a +0 robe (worn)
 T - a +2 hat (worn)
Magical devices
 n - a wand of disintegration (11)
 u - a wand of flame (7)
 B - a wand of flame (7)
Comestibles
 c - 10 meat rations
 f - 7 bread rations
 p - a choko
 z - 2 slices of pizza
 H - 10 oranges
 I - 9 lychees
 J - a banana
 N - 21 apples
Scrolls
 s - a scroll of silence
 t - 2 scrolls of magic mapping
 w - 2 scrolls of remove curse
 x - 3 scrolls of noise
 Z - a scroll of recharging
Jewellery
 d - an uncursed amulet of faith
 i - a ring of fire (left claw)
 k - the amulet of the Devil (around neck) {Clar +Blink Str+2}
   (You found it on level 6 of the Lair of Beasts)

   [amulet of clarity]

   It affects your strength (+2).
   It lets you blink.
 o - an uncursed ring of flight
 r - an uncursed ring of positive energy
 v - an uncursed ring of protection from magic
 D - a +1 ring of dexterity
 F - an uncursed amulet of resist corrosion
 L - an uncursed ring of see invisible
 V - a ring of fire (right claw)
 W - a +4 ring of strength
Potions
 l - 2 potions of restore abilities
 O - a potion of curing
 X - a potion of cure mutation
Books
 b - a book of Flames

   Spells                             Type                      Level
   *Flame Tongue                      Conjuration/Fire             1
   Throw Flame                        Conjuration/Fire             2
   *Conjure Flame                     Conjuration/Fire             3
   Inner Flame                        Hexes/Fire                   3
   *Sticky Flame                      Conjuration/Fire             4
   Fireball                           Conjuration/Fire             5
 q - a book of Cantrips

   Spells                             Type                      Level
   Confusing Touch                    Hexes                        1
   *Animate Skeleton                  Necromancy                   1
   Summon Small Mammal                Summoning                    1
   *Apportation                       Translocation                1
 E - a book of Wizardry

   Spells                             Type                      Level
   Summon Elemental                   Summoning                    4
   Agony                              Necromancy                   5
   Force Lance                        Conjuration                  5
   Fireball                           Conjuration/Fire             5
   Haste                              Charms                       6
   Invisibility                       Hexes                        6
 K - a book of Alchemy

   Spells                             Type                      Level
   Lethal Infusion                    Charms/Necromancy            2
   Sublimation of Blood               Necromancy                   2
   Condensation Shield                Ice                          4
   Petrify                            Transmutation/Earth          4
   Ignite Poison                      Fire/Transmutation           5
 R - a book of Battle

   Spells                             Type                      Level
   *Infusion                          Charms                       1
   Shroud of Golubria                 Charms/Translocation         2
   *Song of Slaying                   Charms                       2
   *Spectral Weapon                   Hexes/Charms                 3
   Regeneration                       Charms/Necromancy            3
 Y - a book of Minor Magic

   Spells                             Type                      Level
   Magic Dart                         Conjuration                  1
   Blink                              Translocation                2
   Call Imp                           Summoning                    2
   Repel Missiles                     Charms/Air                   2
   Slow                               Hexes                        2
   *Conjure Flame                     Conjuration/Fire             3
   Mephitic Cloud                     Conjuration/Poison/Air       3
Magical staves
 P - an uncursed staff of power
 S - an uncursed staff of air
Miscellaneous
 U - a plain deck of dungeons {Water}


   Skills:
 - Level 6.0 Fighting
 * Level 14.2 Axes
 - Level 14.1 Maces & Flails
 - Level 5.4 Dodging
 - Level 1.1 Stealth
 - Level 3.2 Spellcasting
 - Level 3.6 Conjurations
 - Level 4.0 Fire Magic
 - Level 4.6 Invocations


You had 2 spell levels left.
You knew the following spells:

 Your Spells              Type           Power        Failure   Level  Hunger
a - Flame Tongue          Conj/Fire      ###..        6%          1    #......
b - Conjure Flame         Conj/Fire      ###.....     17%         3    ####...
c - Apportation           Tloc           #.........   28%         1    #......
d - Animate Skeleton      Necr           N/A          28%         1    #......
e - Sticky Flame          Conj/Fire      ###.....     54%         4    #####..
f - Infusion              Chrm           #.....       28%         1    #......
g - Song of Slaying       Chrm           #.......     38%         2    ##.....
h - Spectral Weapon       Hex/Chrm       #.......     80%         3    ####...


Dungeon Overview and Level Annotations

Branches:
Dungeon (13/16)            Temple (1/1) D:5            Lair (8/8) D:10
  Swamp (0/5) Lair:3        Slime (0/6) Lair:8
    Orc: D:9-12      Shoals: Lair:3-6     Snake: Lair:3-6    Spider: Lair:3-6

Altars:
Ashenzari
Dithmenos
Elyvilon
Fedhas
Kikubaaqudgha
Makhleb
Nemelex Xobeh
Okawaru
Sif Muna
Trog
Vehumet
Xom
Yredelemnul
Zin
The Shining One
Jiyva

Shops:
D:6 =   D:9 (

Portals:
Trove: D:10 (give 12 potions of heal wounds)

Annotations:
D:8 Joseph; Mygna's ghost, experienced MfSu
D:12 ORC, Bikalo's ghost, powerful LOBe
Lair:4 Harold


Innate Abilities, Weirdness & Mutations

You are too large for most types of armour.
You have claws for hands.
Your metabolism is lightning-fast.
You like to eat raw meat.
You heal very quickly.
You can eat rotten meat.
You are covered in fur (AC +1).
You have very tough skin (AC +2).


Message History

You slash the manticore!
There is a sudden explosion of sparks!
The manticore is severely wounded.
The manticore bites you but does no damage.
The manticore claws you but does no damage.
The manticore misses you. The manticore closely misses you.
The manticore claws you!
* * * LOW HITPOINT WARNING * * *
The manticore barely misses you.
You barely miss the manticore.
The manticore is severely wounded.
You hit the manticore.
The manticore is almost dead.
The manticore misses you. The manticore claws you!
* * * LOW HITPOINT WARNING * * *
The manticore barely misses you. The manticore bites you!
* * * LOW HITPOINT WARNING * * *
The manticore claws you.
* * * LOW HITPOINT WARNING * * *
The manticore claws you!
You die...

... #.... .....#
H..... ......+
#.... .......#
.... ........f
... ........#
#..P...#####
#..##..H.....#.#.
........@H.......
.#.P##.#.f..f....
# P..#..... ....#
.... ...... ..#
#$....P. #
#.....## #.....#
P.#


You could see 2 manticores.

Vanquished Creatures
  Rupert (Lair:4)
  4 hydras
  4 death yaks (Lair:8)
  2 lindwurms (Lair:8)
  2 wolf spiders (Lair:8)
  A manticore (Lair:5)
  2 griffons
  A guardian serpent (Lair:8)
  2 octopodes (D:10)
  8 black mambas
  12 spiny frogs
  3 komodo dragons
  3 giant fireflies (Lair:8)
  A troll (D:9)
  2 giant leeches (Lair:8)
  4 fire drakes
  A polar bear (Lair:7)
  3 blink frogs (Lair:7)
  A two-headed ogre (D:11)
  A raven (Lair:3)
  2 basilisks
  4 wyverns
  A redback (Lair:8)
  4 elephant slugs
  A shark (Lair:2)
  A deep elf fighter (D:10)
  A hungry ghost (D:8)
  35 yaks
  5 vampire mosquitoes (Lair:3)
  6 hippogriffs
  An ogre skeleton (D:12)
  2 sky beasts
  A necrophage (D:10)
  5 porcupines
  An ice beast (D:5)
  8 ogres
  A black bear (D:12)
  A deep dwarf (D:8)
  2 giant goldfish (Lair:2)
  2 orc warriors
  3 phantoms
  2 yellow wasps (Lair:8)
  2 centaurs
  5 brain worms (Lair:8)
  9 crocodiles
  17 water moccasins
  10 giant frogs
  8 giant slugs
  13 agate snails
  A troll skeleton (D:10)
  7 killer bees
  An electric eel (Lair:2)
  5 wights
  5 crimson imps
  A giant frog zombie (D:8)
  5 hounds
  3 jellies
  4 orc wizards
  6 iguanas
  7 spiders
  A giant frog skeleton (D:8)
  4 orc priests
  A black bear skeleton (D:8)
  A scorpion (D:7)
  Blork the orc (D:7)
  11 worker ants
  A killer bee zombie (D:7)
  12 sheep
  A mottled dragon skeleton (D:10)
  5 gnolls (D:4)
  16 adders
  46 green rats
  An inept feature mimic (D:7)
  3 giant centipedes
  A giant mite (Lair:1)
  20 worms
  2 orc zombies
  A giant eyeball (D:4)
  7 giant geckos
  31 orcs
  24 bats
  4 giant cockroaches
  3 goblins
  9 hobgoblins
  9 jackals
  5 kobolds
  5 quokkas
  A giant newt (D:3)
  A goblin skeleton (D:5)
  A hobgoblin skeleton (D:7)
  A kobold zombie (D:3)
  17 rats
  2 fungi
  6 plants
510 creatures vanquished.

Vanquished Creatures (collateral kills)
  A giant cockroach (D:5)
  A goblin (D:5)
2 creatures vanquished.

Vanquished Creatures (others)
  A hound skeleton (D:5)
  3 gnolls (D:5)
  A kobold skeleton (D:5)
  5 fungi
  12 plants
22 creatures vanquished.

Grand Total: 534 creatures vanquished

Notes
Turn   | Place    | Note
--------------------------------------------------------------
     0 | D:1      | 4tharraofdagon, the Troll Fire Elementalist, began the quest for the Orb.
     0 | D:1      | Reached XP level 1. HP: 16/16 MP: 2/2
   114 | D:1      | Reached skill level 1 in Fighting
   165 | D:1      | Reached XP level 2. HP: 25/27 MP: 2/2
   409 | D:2      | Reached skill level 1 in Maces & Flails
   409 | D:2      | Reached XP level 3. HP: 18/35 MP: 3/3
   540 | D:3      | HP: 1/35 [poisoned by an adder]
   610 | D:3      | Learned a level 3 spell: Conjure Flame
   690 | D:4      | Reached XP level 4. HP: 39/42 MP: 4/4
   883 | D:4      | Learned a level 1 spell: Apportation
   888 | D:4      | Found a white marble altar of Elyvilon.
  1024 | D:5      | Entered Level 5 of the Dungeon
  1024 | D:5      | Noticed an ogre
  1042 | D:4      | Reached XP level 5. HP: 50/50 MP: 4/4
  1064 | D:4      | Reached skill level 3 in Maces & Flails
  1136 | D:5      | Got a brightly glowing long sword
  1137 | D:5      | Identified the +10,+5 long sword of Intimidation {slice, Contam rF+} (You found it on level 5 of the Dungeon)
  1183 | D:5      | Learned a level 1 spell: Animate Skeleton
  1214 | D:5      | Noticed an ice beast
  1226 | D:5      | Killed an ice beast
  1226 | D:5      | Reached skill level 4 in Maces & Flails
  1226 | D:5      | Reached XP level 6. HP: 57/61 MP: 0/5
  1266 | D:5      | Found a staircase to the Ecumenical Temple.
  1276 | Temple   | Entered the Ecumenical Temple
  1434 | D:4      | HP: 2/61 [orc/orcish flail of draining (4)]
  1528 | D:5      | Noticed a sky beast
  1574 | D:5      | Reached skill level 12 in Maces & Flails
  1574 | D:5      | Reached XP level 7. HP: 67/67 MP: 5/5
  1661 | D:5      | Killed a sky beast
  1764 | D:5      | Noticed a phantom
  1815 | D:5      | Killed a phantom
  2011 | D:4      | Killed an ogre
  2036 | D:5      | Reached XP level 8. HP: 60/75 MP: 6/6
  2082 | D:5      | Noticed an ogre
  2083 | D:5      | Killed an ogre
  2138 | D:5      | Found a blossoming altar of Fedhas.
  2138 | D:5      | Found an ancient bone altar of Kikubaaqudgha.
  2720 | D:6      | Found Boxteo's Jewellery Boutique.
  2930 | D:8      | Noticed Joseph
  3145 | D:7      | Noticed Blork the orc
  3154 | D:7      | Killed Blork the orc
  3310 | D:7      | Found a basalt altar of Yredelemnul.
  3316 | D:7      | Found a glowing silver altar of Zin.
  3327 | D:7      | Found a sparkling altar of Nemelex Xobeh.
  3336 | D:7      | Became a worshipper of Zin the Law-Giver
  3336 | D:7      | Acquired Zin's first power
  3360 | D:7      | Was placed under penance by Zin
  3610 | D:7      | Reached XP level 9. HP: 54/83 MP: 7/7
  3667 | D:7      | Was forgiven by Zin
  3891 | D:7      | Found a shadowy altar of Dithmenos.
  4338 | D:9      | Found Wanaarul's Weapon Boutique.
  4437 | D:9      | Acquired Zin's second power
  4553 | D:9      | Reached skill level 1 in Invocations
  4874 | D:9      | Reached skill level 13 in Maces & Flails
  4898 | D:9      | Reached XP level 10. HP: 74/94 MP: 7/7
  4978 | D:10     | Entered Level 10 of the Dungeon
  5280 | D:10     | Acquired Zin's third power
  5341 | D:10     | Noticed an octopode
  5351 | D:10     | Killed an octopode
  5375 | D:10     | Noticed an octopode
  5400 | D:10     | Killed an octopode
  5595 | D:11     | Noticed a hill giant
  5768 | D:10     | Reached skill level 5 in Fighting
  6051 | D:10     | Found a portal to a secret trove of treasure.
  6419 | D:12     | Noticed Bikalo's ghost (powerful LOBe)
  6431 | D:13     | Noticed a cyclops
  6571 | D:10     | Reached XP level 11. HP: 37/104 MP: 11/11
  6684 | D:8      | Noticed Mygna's ghost (experienced MfSu)
  6779 | D:10     | Found a staircase to the Lair.
  6819 | Lair:1   | Entered Level 1 of the Lair of Beasts
  6894 | Lair:1   | Reached skill level 1 in Conjurations
  8003 | Lair:3   | Found a staircase to the Swamp.
  8200 | Lair:2   | Reached skill level 5 in Dodging
  8359 | Lair:3   | Noticed a seven-headed hydra
  8398 | Lair:3   | Learned a level 4 spell: Sticky Flame
  8413 | Lair:3   | Killed a seven-headed hydra
  8561 | Lair:3   | Reached XP level 12. HP: 47/113 MP: 12/14
  8723 | Lair:4   | Noticed Rupert
  8742 | Lair:4   | Killed Rupert
  8742 | Lair:4   | Reached skill level 14 in Maces & Flails
  8891 | Lair:4   | Reached skill level 1 in Axes
  9129 | Lair:4   | Noticed Harold
  9325 | Lair:5   | Reached skill level 5 in Axes
  9384 | Lair:6   | Acquired Zin's fourth power
  9563 | Lair:6   | Got a faintly glowing bone amulet
  9604 | Lair:6   | Identified the amulet of the Devil {Clar +Blink Str+2} (You found it on level 6 of the Lair of Beasts)
 10088 | Lair:8   | Entered Level 8 of the Lair of Beasts
 10088 | Lair:8   | Found a staircase to the Slime Pits.
 10088 | Lair:8   | Found a viscous altar of Jiyva.
 10191 | Lair:8   | Noticed a seven-headed hydra
 10199 | Lair:8   | Killed a seven-headed hydra
 10270 | Lair:7   | Learned a level 1 spell: Infusion
 10273 | Lair:7   | Learned a level 2 spell: Song of Slaying
 10277 | Lair:7   | Learned a level 3 spell: Spectral Weapon
 10429 | Lair:8   | Noticed a six-headed hydra
 10442 | Lair:8   | Killed a six-headed hydra
 10543 | Lair:8   | Reached skill level 10 in Axes
 10700 | Lair:8   | Reached XP level 13. HP: 81/120 MP: 13/16
 11890 | Lair:8   | Noticed a fire dragon
 11921 | Lair:8   | HP: 3/120 [fire dragon/blast of flame (10)]
 12304 | Lair:5   | Slain by a manticore

Action                   |  1- 3 |  4- 6 |  7- 9 | 10-12 | 13-15 || total
-------------------------+-------+-------+-------+-------+-------++-------
Melee: Unarmed           |   100 |   117 |       |       |       ||   217
       Flail             |    29 |       |   425 |       |       ||   454
       Giant club        |       |       |    52 |   253 |       ||   305
       Giant spiked club |       |       |       |   690 |    37 ||   727
       Executioner's axe |       |       |       |    13 |   157 ||   170
Throw: Dart              |       |       |     3 |     2 |       ||     5
 Cast: Flame Tongue      |       |    11 |       |       |       ||    11
       Animate Skeleton  |       |     1 |       |       |       ||     1
       Conjure Flame     |       |       |     1 |    44 |    26 ||    71
       Sticky Flame      |       |       |       |     4 |     2 ||     6
       Apportation       |       |       |       |     1 |       ||     1
Invok: Vitalisation      |       |       |       |    16 |    13 ||    29
       Imprison          |       |       |       |       |     1 ||     1
 Abil: Evoke Blink       |       |       |       |       |     4 ||     4
Evoke: Wand              |       |       |     5 |     8 |       ||    13
  Use: Potion            |     1 |     1 |     7 |     7 |     6 ||    22
       Scroll            |       |     3 |     9 |    29 |     5 ||    46
 Stab: Sleeping          |       |       |       |     4 |     2 ||     6
